cohdb
Replays
Latest Replays
All Replays
Popular Replays
Top Player Replays
Match Explorer
How It Works
Community
CoH3 Stats
Reddit
Sign in to upload your games and track your stats! →
Sign in with Steam
Match 41224805
Unlisted
Match 41224805
Overview
Messages
Build Orders
End
Construct Barracks
Riflemen Squad
Riflemen Squad
M1 Mortar Team
Grenade Package
Construct Medical Station
Construct Weapon Support Center
Selects Heavy Weapons
Selects M2HB .50cal Heavy Machine Gun
M1919 Machine Gun Team
Bazooka Squad
Improved M9 Bazooka Rockets
Infantry Support Center
M3 Armored Personnel Carrier
Selects Assault Carriers
Advanced Logistics
Selects Halftrack Strongpoints
M1919 Machine Gun Team
Survival Training
Bazooka Squad
Selects Rapid Reposition
M1918 Browning Automatic Rifles
Selects Bolstered Team Weapons
M3 Assault Carrier
Riflemen Squad
Engineer Squad
Bazooka Squad
M1919 Machine Gun Team
Captain Retinue
Bazooka Squad
Selects M26 Pershing Heavy Tank
M26 Pershing Heavy Tank
~TAB~ THUND3RCHUNKY
Hurricane
カルト_くん
SOPRO
0
0
Comments
sign in to comment!
No comments posted yet!